AoeStats
← Solinero

Arena

509870980Analyzed
1v1 RM · 4d ago on Sep 28, 2026· 57m 37s· 2 players
Game mode
Random Map
Map size
Tiny (2 player)
Population
200
Speed
Normal
Resources
Standard
Victory
Conquest
Starting age
Dark Age
Ending age
Imperial Age
RankedLock teamsTeams togetherTeam positionsShared explorationLock speedFull tech treeHidden civsTurbo modeCheats
Victory
Defeat
🇦🇷 Teutons · Argentina
665
+12
🇩🇪 Armenians · Germany
587
-12
Solinero
7:47 Loom
10:33 Feudal Age
14:59 Castle Age
13:45 Horse Collar
20:12 Scale Mail Armor
19:53 Man-at-Arms
21:02 Squires
21:51 Chain Mail Armor
22:10 Long Swordsman
24:38 Two-Handed Swordsman
26:10 Champion
29:20 Wheelbarrow
29:32 Heavy Plow
30:05 Fervor
31:07 Double-Bit Axe
31:25 Arson
31:27 Gambesons
32:00 Forging
33:09 Bow Saw
32:51 Gold Mining
32:30 Champion
33:51 Iron Casting
37:30 Fletching
40:56 Town Watch
41:26 Hand Cart
46:00 Scale Barding Armor
48:34 Imperial Age
46:09 Padded Archer Armor
47:48 Chain Barding Armor
48:06 Light Cavalry
48:59 Bloodlines
48:51 Husbandry
50:31 Town Patrol
51:03 Leather Archer Armor
50:43 Bodkin Arrow
51:13 Ballistics
51:06 Fortified Wall
51:47 Block Printing
51:32 Atonement
51:49 Redemption
52:01 Sanctity
52:28 Conscription
55:20 Cavalier
56:53 Fereters
56:59 Sappers
Nachitopro19
0:27 Loom
13:01 Feudal Age
14:02 Double-Bit Axe
18:33 Castle Age
16:45 Arson
17:06 Scale Mail Armor
17:27 Forging
17:45 Horse Collar
18:12 Stone Mining
18:13 Gold Mining
19:14 Padded Archer Armor
20:20 Bow Saw
22:05 Fervor
25:19 Iron Casting
25:00 Chain Mail Armor
25:52 Elite Skirmisher
28:50 Fletching
29:10 Town Watch
29:42 Town Watch
30:07 Heavy Plow
31:21 Leather Archer Armor
32:41 Bodkin Arrow
33:09 Ballistics
33:00 Fortified Wall
35:29 Devotion
39:31 Wheelbarrow
41:00 Town Patrol
41:20 Scale Barding Armor
45:24 Imperial Age
43:22 Chain Barding Armor
44:21 Sanctity
44:30 Heresy
44:13 Atonement
45:17 Hand Cart
45:31 Cavalier
47:32 Ring Archer Armor
48:03 Blast Furnace
47:49 Plate Barding Armor
47:10 Paladin
48:36 Crenellations
50:39 Plate Mail Armor
54:04 Hoardings
54:16 Elite Teutonic Knight
56:08 Faith
Connection lost

Rejoining the realm…

Still unreachable

The connection could not be restored.

Session expired

The server has moved on; the page needs a fresh start.